[Event "86th Tata Steel Tienkamp 2024"]
[Site "Wijk aan Zee"]
[Date "2024.01.26"]
[Round "7.3"]
[White "Van Foreest, Machteld"]
[Black "De Winter, Arthur"]
[Result "1/2-1/2"]
[ECO "C47"]
[WhiteElo "2363"]
[BlackElo "2409"]
[Annotator "TA"]
[PlyCount "81"]
[EventDate "2024.01.02"]
[EventType "tourn"]
[EventCountry "NED"]
[SourceTitle "playchess.com"]
[Source "ChessBase"]
[SourceQuality "1"]
[TimeControl "40/6000+30:20/3000+30:900+30"]

1. e4 e5 2. Nf3 Nc6 3. Nc3 Nf6 4. d4 exd4 5. Nxd4 Nxe4 6. Nxe4 Qe7 $1 {[%emt 0:00:03] [#]} 7. Nb5 $1 Qxe4+ 8. Be2 Bb4+ 9. c3 Ba5 10. O-O O-O 11. Bd3 Qh4 12. g3 (12. Re1 $11 {remains equal.}) 12... Qf6 13. h4 ({White should try} 13. Be3 $15) 13... Ne5 $17 14. Be4 h6 15. Be3 {[%emt 0:02:14] [#]} d5 $1 16. Bg2 Bg4 17. Qa4 Bb6 $36 {[%emt 0:03:03][%mdl 2048] Keeping White busy.} 18. Rfe1 (18. Qf4 $17) 18... c6 19. Bxb6 axb6 20. Qd4 Rae8 {[%emt 0:01:08] And now ...Nf3+ would win.} 21. Re3 Re7 (21... cxb5 $6 22. Rae1 $11) 22. Rae1 Rfe8 23. Na3 (23. f4 Nf3+ 24. Bxf3 Qxd4 25. Nxd4 Rxe3 $11) (23. Nc7 $17 {was worth a try.} Rxc7 24. Rxe5 Rxe5 25. Rxe5) 23... Nf3+ ({Better is} 23... Bf5 $19 {...Re6 would now be deadly.} 24. Qxb6 Be4) 24. Bxf3 $15 Qxd4 25. cxd4 Rxe3 26. Rxe3 Rxe3 27. Bxg4 Re4 (27... Re1+ $1 $15 28. Kg2 Rc1) 28. Bc8 $11 {[%emt 0:00:22] The position is equal.} Rxd4 {[%emt 0:00:22] aiming for ...b5.} 29. Bxb7 c5 30. Kf1 Rd2 31. Ke1 Rxb2 32. Bxd5 b5 33. Kd1 c4 (33... Rxf2 $6 34. Nxb5 g5 35. Nc3 $16) 34. f3 ({Don't take} 34. Kc1 $6 Rxf2 (34... Rxa2 35. Nxb5 Rxf2 36. Nc3 $17) 35. Nxb5 Rxa2 $16) 34... h5 35. Kc1 Rxa2 36. Nxb5 Kf8 37. Nd6 Ra5 38. Be4 ({Much weaker is} 38. Bxf7 Ra6 39. Nxc4 Kxf7 $15) 38... Ra1+ 39. Bb1 Ra3 40. Be4 Ra1+ 41. Bb1 {[%emt 0:51:13] Whites escaped into a draw.   Weighted Error Value: White=0.16 (very precise) /Black=0.16 (very precise) .  Mistake:       	White=4     	Black=2      Inaccurate:     	---       	Black=3      OK:         	White=16    	Black=20     Best:        	White=6     	Black=1} 1/2-1/2

[Event "86th Tata Steel Tienkamp 2024"]
[Site "Wijk aan Zee"]
[Date "2024.01.26"]
[Round "7.4"]
[White "Abdulla, Murad"]
[Black "Pastar, Slaven"]
[Result "0-1"]
[ECO "C06"]
[WhiteElo "2332"]
[BlackElo "2343"]
[Annotator "RC"]
[PlyCount "92"]
[EventDate "2024.01.02"]
[EventType "tourn"]
[EventCountry "NED"]
[SourceTitle "playchess.com"]
[Source "ChessBase"]
[SourceQuality "1"]
[TimeControl "40/6000+30:20/3000+30:900+30"]

1. e4 e6 2. d4 d5 3. Nd2 Nf6 4. e5 Nfd7 5. Bd3 c5 6. c3 Nc6 7. Ne2 cxd4 8. cxd4 f6 9. exf6 Nxf6 10. Nf3 Bd6 11. O-O Qc7 12. Ng3 O-O 13. Bd2 Bd7 14. Qc2 Qb6 15. Bc3 Nb4 16. Bxb4 Qxb4 17. Rad1 a5 18. Qe2 Qb6 19. Ne5 Ba4 20. Bc2 Bxc2 21. Qxc2 Bxe5 22. dxe5 Ng4 23. Qe2 Rf4 24. h3 Nh6 25. Qe3 Qxe3 26. fxe3 Rxf1+ 27. Kxf1 Nf7 28. Rc1 Nxe5 29. Rc7 g6 30. Rxb7 Rc8 31. Ne2 Nc4 32. Nd4 e5 33. Nf3 e4 34. Ng5 Nxe3+ 35. Kf2 Nf5 36. Nxh7 e3+ 37. Kf3 Rc2 38. Rd7 Rf2+ 39. Kg4 Nh6+ 40. Kg3 Nf5+ 41. Kg4 Nh6+ 42. Kg3 Rf1 43. Ng5 e2 44. Rd8+ Kg7 45. Ne6+ Kf6 46. Rf8+ Nf7 0-1

[Event "86th Tata Steel Tienkamp 2024"]
[Site "Wijk aan Zee"]
[Date "2024.01.26"]
[Round "7.5"]
[White "Holzke, Frank"]
[Black "Bekker, Stefan"]
[Result "0-1"]
[ECO "B36"]
[WhiteElo "2460"]
[BlackElo "2274"]
[Annotator "RC"]
[PlyCount "112"]
[EventDate "2024.01.02"]
[EventType "tourn"]
[EventCountry "NED"]
[SourceTitle "playchess.com"]
[Source "ChessBase"]
[SourceQuality "1"]
[TimeControl "40/6000+30:20/3000+30:900+30"]

1. c4 c5 2. Nf3 Nc6 3. d4 cxd4 4. Nxd4 g6 5. e4 Nf6 6. Nc3 d6 7. Be2 Nxd4 8. Qxd4 Bg7 9. Be3 O-O 10. Qd2 a5 11. O-O a4 12. Rad1 Be6 13. f4 Qa5 14. Bd4 Rfc8 15. b3 axb3 16. axb3 Qb4 17. f5 Bd7 18. Bxf6 Bxf6 19. Nd5 Qxb3 20. fxg6 Be6 21. Rxf6 exf6 22. Qh6 Bxd5 23. gxh7+ Kh8 24. Qxf6+ Kxh7 25. Rxd5 Qe3+ 26. Kh1 Rc5 27. Qxf7+ Kh8 28. Rxd6 Rc7 29. Qh5+ Rh7 30. Qe5+ Rg7 31. Bf1 Qg5 32. Qxg5 Rxg5 33. Kg1 Rg4 34. Re6 Rf4 35. g3 Rf7 36. Re5 Rf3 37. Rh5+ Kg7 38. Rf5 Re3 39. Rb5 Ra7 40. e5 Kg6 41. Kf2 Rc3 42. Rb1 Kf5 43. Re1 Ra2+ 44. Kg1 Ke6 45. Bh3+ Ke7 46. Bg2 b6 47. Bd5 Rd2 48. Kf1 b5 49. Re2 Rd1+ 50. Re1 Rd4 51. Rb1 bxc4 52. Rb7+ Kd8 53. Bf7 Kc8 54. Ra7 Kb8 55. Re7 Rd2 56. Ke1 Rxh2 0-1

[Event "86th Tata Steel Tienkamp 2024"]
[Site "Wijk aan Zee"]
[Date "2024.01.27"]
[Round "8.1"]
[White "Holzke, Frank"]
[Black "Pijpers, Arthur"]
[Result "1/2-1/2"]
[ECO "D73"]
[WhiteElo "2460"]
[BlackElo "2441"]
[Annotator "TA"]
[PlyCount "22"]
[EventDate "2024.01.02"]
[EventType "tourn"]
[EventCountry "NED"]
[SourceTitle "playchess.com"]
[Source "ChessBase"]
[SourceQuality "1"]
[TimeControl "40/6000+30:20/3000+30:900+30"]

1. Nf3 Nf6 2. d4 g6 3. c4 Bg7 4. g3 c6 5. Nc3 d5 6. Ne5 O-O 7. Bg2 Nfd7 ({Black should play} 7... Be6 $11) 8. Nxd7 Bxd7 9. cxd5 cxd5 {[%emt 0:00:07] The position is equal.} 10. Bxd5 Nc6 11. O-O Bxd4 {[%emt 0:20:31] Black got outplayed after the opening.   Weighted Error Value: White=0.16 (very precise) /Black=0.34.  Mistake:       	---       	Black=1      Inaccurate:     	White=1     	---        OK:         	---       	Black=1} (11... Bh3 $11) 1/2-1/2

[Event "86th Tata Steel Tienkamp 2024"]
[Site "Wijk aan Zee"]
[Date "2024.01.27"]
[Round "8.2"]
[White "Pastar, Slaven"]
[Black "Niermann, Tristan"]
[Result "1/2-1/2"]
[ECO "B30"]
[WhiteElo "2343"]
[BlackElo "2413"]
[Annotator "RC"]
[PlyCount "82"]
[EventDate "2024.01.02"]
[EventType "tourn"]
[EventCountry "NED"]
[SourceTitle "playchess.com"]
[Source "ChessBase"]
[SourceQuality "1"]
[TimeControl "40/6000+30:20/3000+30:900+30"]

1. e4 c5 2. Nf3 Nc6 3. Bb5 e6 4. O-O Nge7 5. d4 cxd4 6. Nxd4 Qb6 7. Nxc6 bxc6 8. Be2 Ng6 9. c4 Be7 10. Nc3 c5 11. Rb1 O-O 12. Be3 Qc7 13. g3 d6 14. Qd2 Bb7 15. Rbd1 Rad8 16. Bg5 Bxg5 17. Qxg5 Ne5 18. Qe3 Nc6 19. Bf3 Qb6 20. Bg2 Rfe8 21. Rfe1 Nd4 22. Rd2 Qb4 23. b3 Bc6 24. Qd3 a5 25. Ne2 e5 26. Nxd4 exd4 27. Rde2 f6 28. f4 Re7 29. e5 Bxg2 30. exf6 Qxe1+ 31. Rxe1 Rxe1+ 32. Kxg2 g6 33. Qd2 Rde8 34. Qxa5 R1e6 35. Qb5 Kf7 36. Qb7+ Kxf6 37. g4 R8e7 38. Qd5 Re2+ 39. Kf1 Re1+ 40. Kf2 R1e2+ 41. Kf1 Re1+ 1/2-1/2

[Event "86th Tata Steel Tienkamp 2024"]
[Site "Wijk aan Zee"]
[Date "2024.01.27"]
[Round "8.3"]
[White "Zwirs, Nico"]
[Black "Van Foreest, Machteld"]
[Result "1-0"]
[ECO "C54"]
[WhiteElo "2476"]
[BlackElo "2363"]
[Annotator "RC"]
[PlyCount "57"]
[EventDate "2024.01.02"]
[EventType "tourn"]
[EventCountry "NED"]
[SourceTitle "playchess.com"]
[Source "ChessBase"]
[SourceQuality "1"]
[TimeControl "40/6000+30:20/3000+30:900+30"]

1. e4 e5 2. Nf3 Nc6 3. Bc4 Bc5 4. c3 Nf6 5. d3 a6 6. a4 d6 7. Bg5 Ba7 8. Nbd2 Qe7 9. O-O h6 10. Be3 Bxe3 11. fxe3 Be6 12. b4 O-O 13. Qe1 Bxc4 14. Nxc4 Qe6 15. Ncd2 d5 16. exd5 Qxd5 17. d4 exd4 18. exd4 Rae8 19. Qg3 Re3 20. Rac1 Rc8 21. Rfe1 Qe6 22. b5 axb5 23. axb5 Ne7 24. Nf1 Re2 25. Rxe2 Qxe2 26. Re1 Qc2 27. Rxe7 Ne4 28. Qe1 Nxc3 29. Re3 1-0

[Event "86th Tata Steel Tienkamp 2024"]
[Site "Wijk aan Zee"]
[Date "2024.01.27"]
[Round "8.4"]
[White "Bekker, Stefan"]
[Black "Baselmans, Luuk"]
[Result "1/2-1/2"]
[ECO "E07"]
[WhiteElo "2274"]
[BlackElo "2323"]
[Annotator "TA"]
[PlyCount "71"]
[EventDate "2024.01.02"]
[EventType "tourn"]
[EventCountry "NED"]
[SourceTitle "playchess.com"]
[Source "ChessBase"]
[SourceQuality "1"]
[TimeControl "40/6000+30:20/3000+30:900+30"]

1. Nf3 d5 2. g3 Nf6 3. Bg2 e6 4. O-O Be7 5. d4 O-O 6. c4 c6 7. b3 Nbd7 8. Nc3 a5 9. Qc2 b6 10. e4 dxe4 {[%emt 0:03:01] Weiß hat minimalen Vorteil.} 11. Nxe4 Nxe4 12. Qxe4 Bb7 13. Bb2 Qc7 14. Rad1 Rfe8 15. Qc2 Rad8 16. Rfe1 Bf6 17. h4 (17. Bc1 {hält die Spannung aufrecht.} c5 18. Ng5 Nf8 19. Bf4) 17... h6 {[%emt 0:02:40] Lässt Ng5 nicht zu} 18. Bc1 e5 (18... c5 $11) 19. dxe5 (19. Nxe5 {ist interessant.} Nxe5 20. Bf4 Rxd4 21. Rxd4 Nf3+ 22. Bxf3 Rxe1+ 23. Kg2) 19... Nxe5 20. Bf4 (20. c5 {mit weiteren Verwicklungen.} Rxd1 21. Rxd1 bxc5 22. Nxe5 Qxe5 23. Be3) 20... Rxd1 21. Qxd1 Nxf3+ 22. Bxf3 Rxe1+ 23. Qxe1 Qe7 24. Qd2 Qd8 25. Qe2 Qd7 26. Qe4 Qe7 27. Qd3 Qd8 28. Qe3 (28. Qxd8+ {vereinfacht} Bxd8 29. Be3 Kf8 30. Kg2) 28... Bd4 29. Qe4 Bc5 {[%emt 0:00:34] [#]} (29... Qd7 $14) 30. Kg2 (30. Be3 $1 $16 {Bxc5 wäre nun fies.} Bxe3 31. Qxe3) 30... Qd7 $14 31. h5 Bc8 (31... Bd4 $14) 32. g4 {[%emt 0:02:18] Aktives Gegenspiel!} ({Besser ist} 32. Qxc6 $16 Qxc6 33. Bxc6) 32... Qe6 33. Qxe6 Bxe6 {[%emt 0:00:08] Die Stellung ist ausgeglichen.} 34. Kg3 b5 35. Be2 a4 36. cxb5 {[%emt 0:00:41] Gewichteter Fehlerwert: Weiß=0.12 (sehr präzise) /Schwarz=0.13 (sehr präzise) .  Fehler:       	Weiß=2     	Schwarz=3     Ungenau:       	Weiß=4     	Schwarz=2     OK:         	Weiß=8     	Schwarz=10    Bester:       	---       	Schwarz=1} 1/2-1/2

[Event "86th Tata Steel Tienkamp 2024"]
[Site "Wijk aan Zee"]
[Date "2024.01.27"]
[Round "8.5"]
[White "De Winter, Arthur"]
[Black "Abdulla, Murad"]
[Result "1/2-1/2"]
[ECO "B76"]
[WhiteElo "2409"]
[BlackElo "2332"]
[Annotator "RC"]
[PlyCount "78"]
[EventDate "2024.01.02"]
[EventType "tourn"]
[EventCountry "NED"]
[SourceTitle "playchess.com"]
[Source "ChessBase"]
[SourceQuality "1"]
[TimeControl "40/6000+30:20/3000+30:900+30"]

1. e4 c5 2. Nf3 d6 3. d4 cxd4 4. Nxd4 Nf6 5. Nc3 g6 6. Be3 Bg7 7. f3 O-O 8. Qd2 Nc6 9. O-O-O d5 10. exd5 Nxd5 11. Nxc6 bxc6 12. Bd4 Bxd4 13. Qxd4 Qb6 14. Na4 Qa5 15. b3 Be6 16. Qe5 Qb4 17. c4 Nf6 18. Bd3 Rfd8 19. h4 Rd6 20. Bc2 Rad8 21. Qc5 Qxc5 22. Nxc5 Bc8 23. Rhe1 Kf8 24. Be4 Nxe4 25. Nxe4 Rxd1+ 26. Rxd1 Rxd1+ 27. Kxd1 e5 28. Kd2 Ke7 29. Ke3 f5 30. Nf2 c5 31. g3 Kd6 32. Nd3 Bd7 33. f4 e4 34. Nf2 h5 35. Nd1 Be6 36. Nc3 Kc6 37. Kd2 a5 38. Ke3 Bf7 39. Kd2 Be6 1/2-1/2

[Event "86th Tata Steel Tienkamp 2024"]
[Site "Wijk aan Zee"]
[Date "2024.01.28"]
[Round "9.2"]
[White "Niermann, Tristan"]
[Black "De Winter, Arthur"]
[Result "1/2-1/2"]
[ECO "A49"]
[WhiteElo "2413"]
[BlackElo "2409"]
[Annotator "TA"]
[PlyCount "160"]
[EventDate "2024.01.02"]
[EventType "tourn"]
[EventCountry "NED"]
[SourceTitle "playchess.com"]
[Source "ChessBase"]
[SourceQuality "1"]
[TimeControl "40/6000+30:20/3000+30:900+30"]

1. Nf3 Nf6 2. g3 g6 3. b3 Bg7 4. Bb2 O-O 5. Bg2 d6 6. d4 c5 7. c4 d5 8. O-O dxc4 9. bxc4 cxd4 10. Nxd4 Nc6 11. Nxc6 bxc6 12. Bxc6 Bh3 13. Qxd8 Raxd8 14. Rc1 Rc8 15. Bf3 Rfd8 16. Na3 Ng4 17. Bxg7 Kxg7 18. c5 Ne5 19. Bb7 Rc7 20. c6 Nxc6 21. Ba6 Rd2 22. f3 Bc8 23. Bd3 (23. Nb5 Bxa6 24. Nxc7 Nd4) 23... Bf5 24. Nc4 Rxd3 25. exd3 Nb4 (25... Rd7 $142 26. Rc3 (26. Ne3 Nd4 $18) 26... h5) 26. Ne5 Rxc1+ 27. Rxc1 Nxa2 28. Rc7 Kf6 29. d4 ({Don't take} 29. Rxa7 $6 Kxe5 30. d4+ (30. Rxa2 Bxd3 31. h4 Kf6 $16) 30... Kxd4 $16) 29... a5 30. Nc6 Nc3 31. Nxe7 Nb5 32. Rc5 Nxd4 33. Nxf5 Nxf3+ $2 (33... Nxf5 34. Rxa5 Ng7) 34. Kf2 $2 (34. Kg2 $18 {is the precise move to win.} Ne1+ 35. Kf1) 34... Ne5 $16 35. Rxa5 Kxf5 36. Ke3 Kf6 37. Ke4 Ng4 38. Ra6+ Kg7 39. Ra2 Nf6+ 40. Ke5 Nd7+ 41. Kd6 Nf6 42. Ra4 Kg8 43. Rd4 Kf8 44. h3 h5 45. Ke5 Kg7 46. Rd6 Nh7 47. Kf4 Nf6 48. Rd8 Kh7 49. Rd6 Kg7 50. Rd4 Kh7 51. Ke5 Kg7 52. Rf4 Nd7+ 53. Kd6 Nf6 54. Rf3 (54. Ra4 $16) 54... Ng8 (54... Ne4+ $11 55. Ke7 Ng5) 55. Rf1 Nf6 56. Rf4 Ng8 57. Ke5 Nh6 58. Rf1 Nf5 59. Rf3 Nh6 60. Rf4 (60. Rb3 $16) 60... Ng8 (60... Nf5 $11 {remains equal.}) 61. g4 ({White should try} 61. Rf2 $16) 61... hxg4 62. hxg4 g5 63. Rb4 Nh6 64. Re4 f6+ 65. Ke6 Kg6 66. Ke7 Kg7 67. Ke6 Kg6 68. Kd6 Kg7 69. Kd7 Kg6 70. Ke8 Kg7 71. Ra4 Kg6 72. Kf8 Nxg4 73. Rxg4 f5 74. Ra4 f4 75. Ra6+ Kf5 76. Kg7 f3 77. Rf6+ Ke4 78. Kg6 Ke3 79. Kxg5 f2 80. Rxf2 Kxf2 1/2-1/2

[Event "86th Tata Steel Tienkamp 2024"]
[Site "Wijk aan Zee"]
[Date "2024.01.28"]
[Round "9.3"]
[White "Abdulla, Murad"]
[Black "Zwirs, Nico"]
[Result "1-0"]
[ECO "B90"]
[WhiteElo "2332"]
[BlackElo "2476"]
[Annotator "TA"]
[PlyCount "97"]
[EventDate "2024.01.02"]
[EventType "tourn"]
[EventCountry "NED"]
[SourceTitle "playchess.com"]
[Source "ChessBase"]
[SourceQuality "1"]
[TimeControl "40/6000+30:20/3000+30:900+30"]

1. e4 c5 2. Nf3 d6 3. d4 cxd4 4. Nxd4 Nf6 5. Nc3 a6 6. h3 e5 7. Nde2 h5 8. g3 Be7 9. a4 Nc6 {[%emt 0:03:59][%cal Od6d5] The position is equal.} 10. Bg2 Nb4 11. O-O Be6 12. Nd5 (12. Bg5 $11) 12... Nfxd5 $15 13. exd5 Bf5 14. c3 Nd3 15. Be3 Nxb2 16. Qb3 Nd3 17. Qxb7 Qc8 (17... O-O $15) 18. Rfb1 $11 Nc5 19. Qxc8+ Rxc8 20. Rb6 O-O 21. a5 Bd3 22. Nc1 {[%emt 0:01:07][%cal Be2c1,Bc1a2,Ba2b4,Bb4c6][%mdl 32] Black must now prevent Bxc5.} Bc4 {[%emt 0:03:52] [#]} (22... Bb5 $1 $11) 23. Rb4 $1 $16 Nd7 24. Rb7 Rfd8 25. Na2 {[%emt 0:00:22] White is more active.} Bf6 26. Nb4 {[%emt 0:01:01] Strongly threatening Nc6.} Nc5 27. Rb6 {[%emt 0:02:53] Threatens to win with Nc6.} e4 $1 28. Ra3 $36 {[%emt 0:00:10][%mdl 2048] White is more active.} Bb5 $2 {[%emt 0:02:33] Black cannot hold the game after this.} (28... h4 $14) 29. Nc6 $18 Rd7 30. Bf1 {[%emt 0:02:38] Against Bc4} (30. Bxc5 $6 dxc5 31. Bxe4 Re8 $16) 30... Nd3 {[%emt 0:01:58] [#]} 31. f3 $1 Re8 (31... exf3 $2 {loses.} 32. Rxb5 f2+ 33. Kh2 $18 (33. Bxf2 Nxf2 34. Rb4 Nd1 $18)) (31... Bc4 32. fxe4) 32. fxe4 ({Don't play} 32. Rxb5 axb5 33. a6 Ne1 $18) 32... Rxe4 $2 (32... Bc4 {might work better.} 33. Bd4 Rxe4) 33. Rb8+ Kh7 {[%emt 0:00:10] [#]} 34. c4 $1 Bxc4 35. Bxd3 Bxd3 36. Rxd3 Ra4 37. Bd4 Bg5 38. h4 Bh6 39. Be3 f5 40. Bxh6 Kxh6 41. Rh8+ Kg6 42. Kg2 f4 43. gxf4 Rb7 44. Rg3+ Kf5 45. Rxh5+ Kxf4 46. Rhg5 {[%emt 0:00:00] White wants to mate with R3g4+.} Rb2+ 47. Kh3 {[%emt 0:00:00] White mates.} Ra1 48. R5g4+ Kf5 49. Rf3# {[%emt 0:00:00] Weighted Error Value: White=0.13 (very precise) /Black=0.37.  Loses game:     	---       	Black=1      Mistake:       	White=1     	Black=3      Inaccurate:     	White=2     	Black=3      OK:         	White=16    	Black=13     Best:        	White=4     	Black=2      Strong:       	White=1     	Black=1      Brilliant:      	White=1     	---} 1-0

[Event "86th Tata Steel Tienkamp 2024"]
[Site "Wijk aan Zee"]
[Date "2024.01.28"]
[Round "9.4"]
[White "Baselmans, Luuk"]
[Black "Pastar, Slaven"]
[Result "0-1"]
[ECO "C75"]
[WhiteElo "2323"]
[BlackElo "2343"]
[Annotator "TA"]
[PlyCount "122"]
[EventDate "2024.01.02"]
[EventType "tourn"]
[EventCountry "NED"]
[SourceTitle "playchess.com"]
[Source "ChessBase"]
[SourceQuality "1"]
[TimeControl "40/6000+30:20/3000+30:900+30"]

1. e4 e5 2. Nf3 Nc6 3. Bb5 Nge7 4. c3 a6 5. Ba4 d6 6. d4 Bd7 7. O-O Ng6 8. Re1 Be7 9. d5 Nb8 10. c4 b5 11. Bc2 O-O 12. Be3 h6 13. Nbd2 c5 14. dxc6 Bxc6 15. a4 b4 16. a5 Nd7 17. Nf1 Qc7 18. Ng3 Rfd8 19. Nf5 Bf8 20. Nd2 Ne7 21. Qg4 Nxf5 22. exf5 Nf6 23. Qh4 Qe7 24. Qh3 Rab8 25. Rad1 Qb7 26. g4 Nh7 (26... Nd7 $11 {remains equal.}) 27. Qg3 $16 d5 28. Bb6 (28. Qxe5 $2 Bd6 29. Qd4 Qc7 $17 (29... dxc4 30. Qxc4 Bb5 31. Qe4 $11)) 28... Re8 29. cxd5 (29. Rxe5 Rxe5 30. Qxe5 dxc4 $17) 29... Bxd5 30. Rxe5 (30. Ne4 $1 $16) 30... Rxe5 $11 31. Qxe5 Ng5 32. Qg3 $2 {[%emt 0:01:10][%mdl 8192] [#]} (32. h4 $11 Qc6 33. hxg5 (33. Qxb8 $2 Qxc2 34. Rf1 Nh3+ 35. Kh2 Qxd2 $19) 33... Qxc2 34. Rf1 Rxb6 35. axb6 (35. Qxd5 $2 Rd6 $19) 35... Qxd2 36. g6) 32... Re8 $2 (32... Bd6 $1 $19 {[%cal Rd6g3] is more deadly.} 33. Qxd6 Nh3+ 34. Kf1 Re8) 33. h4 Nf3+ (33... Qc6 $142 $1 34. Bb3 Nf3+ 35. Nxf3 Bxf3) 34. Nxf3 $17 Bxf3 35. Rc1 $2 (35. Rf1 $17) 35... Qd5 36. Be3 $2 (36. Ba4 Bd6 37. Qh3 (37. Bc6 Qxc6)) 36... Bd6 $2 (36... Rc8 37. Kh2 Rc4 (37... Bd6 $2 38. Bf4 $19)) 37. Bf4 $19 Bxf4 38. Qxf4 {[%emt 0:00:06] [#]} Rc8 (38... Bh1 $1 $17 39. Qg3 Qd2) 39. Kh2 $2 (39. Bb1 $1 $11 Rxc1+ 40. Qxc1) 39... Qc6 $2 (39... Rc4 $19 40. Qb8+ Kh7 41. f6+ (41. Bb3 $2 Qd2 $19) 41... Rxc2 (41... g6 42. h5 $11) 42. Rxc2 Qd1) 40. f6 (40. Qxb4 Be4 41. Qxe4 Qxe4 42. Bxe4 Rxc1 $11) (40. Re1 $11 Qxc2 41. Qxf3) 40... Be4 $1 $17 (40... Qxf6 $2 41. Qxf6 (41. Qxb4 $2 Qxh4+ 42. Kg1 Qh1#) (41. Bh7+ Kxh7 42. Qxf6 gxf6 $18) 41... gxf6 42. Bh7+ Kxh7 43. Rxc8 $18) 41. Bd3 (41. Bb3 $17 {is a better defense.} Qxc1 42. Qxe4) 41... Qxc1 $19 42. Qxe4 gxf6 43. Qxb4 Qc7+ 44. Kg2 Qc6+ 45. Be4 Qe6 46. Bf5 Qd5+ 47. Be4 Qe5 48. Bd3 Rb8 49. Qe4 $2 (49. Qc3) 49... Qxe4+ $19 (49... Rxb2 50. Qh7+ Kf8 51. Bc4 $11 (51. Qxh6+ Ke7 $17)) 50. Bxe4 Rb5 ({Don't do} 50... Rxb2 51. Bd3) 51. Bd3 Rxa5 ({Not} 51... Rxb2 52. Bxa6 Ra2 53. h5 $19) 52. b4 (52. Kf3 $142) 52... Ra3 $19 53. Bf1 (53. Bf5 $142) 53... Kg7 54. f3 f5 55. gxf5 Kf6 56. Kg3 Kxf5 57. Bc4 f6 58. Bf1 h5 59. Bc4 Ke5 60. Bf7 f5 61. Bxh5 Rb3 0-1

[Event "86th Tata Steel Tienkamp 2024"]
[Site "Wijk aan Zee"]
[Date "2024.01.28"]
[Round "9.5"]
[White "Van Foreest, Machteld"]
[Black "Holzke, Frank"]
[Result "1/2-1/2"]
[ECO "C00"]
[WhiteElo "2363"]
[BlackElo "2460"]
[Annotator "TA"]
[PlyCount "115"]
[EventDate "2024.01.02"]
[EventType "tourn"]
[EventCountry "NED"]
[SourceTitle "playchess.com"]
[Source "ChessBase"]
[SourceQuality "1"]
[TimeControl "40/6000+30:20/3000+30:900+30"]

1. e4 e6 2. Qe2 e5 3. Nf3 Nc6 4. g3 Nf6 5. Bg2 Bc5 6. O-O {[%emt 0:01:30] C00: French: Unusual White 2nd moves.} O-O 7. d3 Re8 8. c3 a5 9. Rd1 $146 ({Predecessor:} 9. Nbd2 h6 10. a4 d5 11. Rd1 dxe4 12. dxe4 Ng4 13. Rf1 b6 14. h3 Ba6 15. Nc4 {1-0 Vaibhav,J (2243)-Winterberg,L (2394) Titled Tuesday intern op 13th Sep Early blitz 2022 (7)}) 9... Ba7 10. Na3 d6 11. Nc2 h6 12. Be3 d5 13. Bxa7 Rxa7 14. exd5 Nxd5 15. Ne3 Nf4 16. Qf1 Nxg2 17. Qxg2 Ra6 18. d4 exd4 19. Nxd4 Nxd4 20. Rxd4 Rd6 21. Rad1 Rxd4 22. Rxd4 Qf6 23. h4 b6 24. Qd5 Ba6 25. Rf4 Qe6 26. Qxe6 Rxe6 27. Rd4 g6 28. Rd7 c6 (28... Be2 $11 {remains equal.}) 29. c4 $16 Kg7 30. Ra7 Bc8 31. Ra8 (31. Rc7 $16 Ba6 32. b3) 31... Bb7 $14 32. Rb8 Re7 33. g4 c5 34. Kh2 Kf6 35. Kg3 Ke5 36. Rd8 f5 (36... Kf6 $14) 37. Nd5 ({White should play} 37. Rf8 $16) 37... Bxd5 $11 38. cxd5 fxg4 39. Kxg4 Rf7 40. Kg3 g5 41. hxg5 hxg5 42. d6 a4 43. d7 Kf5 44. f3 a3 45. bxa3 Ke6 46. Rb8 Rxd7 47. Rxb6+ Ke5 48. Kg4 c4 49. Rb1 Rg7 50. Rd1 c3 (50... Rf7 $5 51. Rf1 $8 c3 $11) 51. a4 $1 c2 52. Rc1 Rc7 53. Kxg5 Rg7+ 54. Kh6 Rg2 55. a5 Kf6 56. Kh5 Kf5 57. Kh6 Kf6 58. Kh5 1/2-1/2